 Dungeon Crawl Stone Soup version 0.28.0-53-g5a82cb258f (webtiles) character file.

Game seed: 3791336965861689262

5352 mortz the Conjurer (level 10, -2/70 HPs)
             Began as a Demigod Conjurer on July 3, 2022.
             Slain by a troll (14 damage)
             ... on level 9 of the Dungeon.
             The game lasted 00:46:51 (9797 turns).

mortz the Conjurer (Demigod Conjurer)               Turns: 9797, Time: 00:46:51

Health: -2/70      AC:  8    Str: 12    XL:     10   Next: 16%
Magic:  3/22       EV: 13    Int: 28    God:
Gold:   357        SH:  0    Dex: 18    Spells: 10/20 levels left

rFire   + . .      SeeInvis .   L - +8 short sword of the Everdark {vorpal, rPois rF+ rC+, short}
rCold   + . .      Faith    .   s - orb {light}
rNeg    . . .      Spirit   .   N - +0 troll leather armour
rPois   +          Reflect  .   c - +2 hat
rElec   .          Harm     .   (no cloak)
rCorr   .          Rampage  .   b - +0 pair of gloves
Will    +....                   (no boots)
Stlth   +.........              D - amulet of the acrobat
HPRegen 1.01/turn               m - +6 ring of dexterity
MPRegen 0.18/turn               (no ring)

@: glowing
A: high MP 1, forlorn, divine attributes
a: no special abilities


You were on level 9 of the Dungeon.
You visited 1 branch of the dungeon, and saw 9 of its levels.

You collected 447 gold pieces.
You spent 90 gold pieces at shops.


Innate Abilities, Weirdness & Mutations

You have an increased reservoir of magic. (+10% MP)
You shall have no god before yourself.
Your divine heritage dramatically boosts your attributes as you level up.


   Skills:
 - Level 0.4 Fighting
 + Level 3.4 Short Blades
 * Level 6.4 Armour
 + Level 3.2 Dodging
 + Level 3.5 Stealth
 + Level 5.6 Spellcasting
 + Level 6.8 Conjurations
 * Level 4.7 Translocations
 * Level 4.1 Air Magic
 * Level 3.8 Poison Magic


You had 10 spell levels left.
You knew the following spells:

 Your Spells              Type           Power      Damage    Failure   Level
a - Magic Dart            Conj           100%       1d8       1%          1
b - Searing Ray           Conj           92%        2d7       1%          2
c - Iskenderun's Mystic   Conj/Tloc      40%        2d9       7%          4
d - Mephitic Cloud        Conj/Pois/Air  35%        N/A       3%          3

Your spell library contained the following spells:

 Spells                   Type           Power      Damage    Failure   Level
 Foxfire                  Conj/Fire      100%       2x1d9     1%          1
 Shock                    Conj/Air       100%       1d9       1%          1
 Blink                    Tloc           68%        N/A       1%          2
 Static Discharge         Conj/Air       38%        N/A       1%          2
 Conjure Flame            Conj/Fire      27%        6-21      5%          3
 Dazzling Flash           Conj/Hex       54%        N/A       5%          3
 Beastly Appendage        Tmut           14%        N/A       8%          1
 Spider Form              Tmut/Pois      18%        N/A       11%         3
 Call Imp                 Summ           7%         N/A       12%         2
 Wereblood                Tmut           7%         N/A       12%         2
 Ignite Poison            Fire/Tmut/Pois 15%        N/A       14%         3
 Fulminant Prism          Conj/Hex       13%        3d9       19%         4
 Sticky Flame             Conj/Fire      27%        2d5       19%         4
 Manifold Assault         Tloc           34%        N/A       30%         5
 Spellforged Servitor     Conj/Summ      13%        N/A       100%        7
 Storm Form               Tmut/Air       9%         N/A       100%        7
 Chain Lightning          Conj/Air       19%        3d25      100%        9

Inventory:

Hand Weapons
 h - a +0 trident of freezing {polearm}
   (You found it on level 7 of the Dungeon)
 J - a +5 morningstar {mace}
   (You took it off a wight on level 6 of the Dungeon)
 K - a +3 hand axe {axe}
   (You took it off a wight on level 6 of the Dungeon)
 L - the +8 short sword of the Everdark (weapon) {vorpal, rPois rF+ rC+, short}
   (You found it on level 6 of the Dungeon)

   It inflicts extra damage upon your enemies.
   rF:        It protects you from fire.
   rC:        It protects you from cold.
   rPois:     It protects you from poison.
Missiles
 k - 11 poisoned darts {throwing}
Armour
 b - a +0 pair of gloves (worn)
   (You found it on level 3 of the Dungeon)
 c - a +2 hat (worn)
   (You found it on level 1 of the Dungeon)
 j - a +0 leather armour
   (You found it on level 2 of the Dungeon)
 q - a +0 helmet
   (You found it on level 3 of the Dungeon)
 s - an orb of light (worn)
   (You found it on level 3 of the Dungeon)
 y - a +3 scale mail
   (You found it on level 6 of the Dungeon)
 N - a +0 troll leather armour (worn)
   (You found it on level 9 of the Dungeon)
Magical Staves
 u - a staff of earth {!astaff}
   (You found it on level 3 of the Dungeon)
 C - a staff of air {!astaff}
   (You found it on level 5 of the Dungeon)
Jewellery
 m - a +6 ring of dexterity (left hand)
   (You found it on level 2 of the Dungeon)
 D - an amulet of the acrobat (around neck)
   (You found it on level 5 of the Dungeon)
 I - a ring of ice
   (You found it on level 5 of the Dungeon)
Wands
 a - a wand of flame (21)
   (You took it off an orc on level 6 of the Dungeon)
 l - a wand of charming (8)
   (You found it on level 7 of the Dungeon)
 G - a wand of paralysis (4)
   (You took it off Psyche on level 9 of the Dungeon)
 H - a wand of iceblast (17)
   (You took it off Ijyb on level 5 of the Dungeon)
Scrolls
 d - 3 scrolls of blinking {!r}
 f - 2 scrolls of magic mapping {!r}
 i - a scroll of immolation {unknown}
 o - a scroll of enchant weapon {unknown}
 r - a scroll of identify {@r1}
 t - a scroll of summoning {unknown}
 w - a scroll of amnesia
 z - a scroll of fear
 B - a scroll of brand weapon {unknown}
 F - 2 scrolls of teleportation {@r4}
Potions
 e - a potion of mutation {!q}
 g - 2 potions of brilliance
 n - 2 potions of might
 p - a potion of attraction {!q}
 v - 4 potions of curing {@q1}
 x - a potion of magic
 A - 3 potions of lignification {!q}
 E - a potion of cancellation
 M - a potion of resistance

Dungeon Overview and Level Annotations

Branches:
Dungeon (9/15)             Temple (0/1) D:4
   Lair: D:8-11         Orc: D:9-12

Shops:
D:3 *   D:5 [

Annotations:
D:8 3 runed translucent doors, Neuros91's ghost, novice HuBe

.............#
.............#
##########...#
#........#...#
#........#...#########
#........#...........#
#........#)..........# #
#........#T..........#
###.#†########@..........###
#............[..[...........
#............<[.[.<.....[...
#......###########..........
#......# #........# #......#
#........# #......#
#........# #......#
#.....(..# ........
..........#


You could see a troll.


Message History

You finish channelling your searing ray.
The orc warrior misses you.
The orc priest mumbles some strange prayers to Beogh against you.
Beogh smites you!
A troll comes into view. 😕 HP[-15] MP[-1]
You take 15 damage, and now have 55/70 hp.
MASSIVE DAMAGE!! (PAUSE)
You lost 1 mp, and now have 7/22 mp. 😕 HP[+1]
The orc warrior completely misses you. 😕 HP[+1] 😕 HP[+1] MP[+1] 😕 HP[+1] 😕 HP[+1]
The orc warrior hits you with a +0 war axe! 😮 HP[-8]
You take 8 damage, and now have 52/70 hp. 😕 HP[+1] 😕 HP[+1] MP[+1] 😕 HP[+1] 😕 HP[+1] 😕 HP[+1] 😕 HP[+1] 😕 HP[+1] 😕 HP[+1] MP[+1] 😕 HP[+1] 😕 HP[+1]
Casting: Searing Ray (safe; 1% risk of failure)
Confirm with . or Enter, or press ? or * to list all spells.
Aiming: Searing Ray (safe; 1% risk of failure)
Press: ? - help, Shift-Dir - straight line, f/p - orc warrior
Aim: an orc warrior, wielding a +0 war axe and wearing a +0 chain mail (almost dead, haloed, 84% to hit)
The searing ray hits the orc warrior. (Press . to maintain the ray.)
The orc priest casts a cantrip, but nothing happens. 😕 HP[+1] MP[-2]
You lost 2 mp, and now have 8/22 mp.
The searing ray hits the orc warrior!
You kill the orc warrior! 😕 HP[+1] MP[-1]
You lost 1 mp, and now have 7/22 mp. 😕 HP[+1] MP[-1]
You lost 1 mp, and now have 6/22 mp.
The searing ray hits the orc priest.
You finish channelling your searing ray. 😕 HP[+1]
Casting: Searing Ray (safe; 1% risk of failure)
Confirm with . or Enter, or press ? or * to list all spells.
Aiming: Searing Ray (safe; 1% risk of failure)
Press: ? - help, Shift-Dir - straight line, f - orc priest
Aim: an orc priest, wielding a +0 club (lightly wounded, haloed, 86% to hit)
The searing ray hits the orc priest! (Press . to maintain the ray.) 😕 HP[+1] MP[-2]
You lost 2 mp, and now have 4/22 mp.
The searing ray hits the orc priest!
You kill the orc priest!
The searing ray hits the troll. 😕 HP[+1] MP[-1]
You lost 1 mp, and now have 3/22 mp.
The searing ray hits the troll. 😕 HP[+1] MP[-1]
You lost 1 mp, and now have 2/22 mp.
The searing ray hits the troll!
You finish channelling your searing ray. 😎 HP[+1] MP[-1]
Your hp is fully restored (70).
You lost 1 mp, and now have 1/22 mp.
You completely miss the troll. The troll bites you.
The troll closely misses you. The troll claws you. 😕 HP[-7] MP[+1]
You take 7 damage, and now have 63/70 hp.
You puncture the troll! The troll bites you. The troll closely misses you.
The troll claws you. 😕 HP[-8]
You take 8 damage, and now have 55/70 hp.
You barely miss the troll. The troll bites you!
The troll claws you but does no damage. The troll claws you. 😮 HP[-19]
You take 19 damage, and now have 36/70 hp.
MASSIVE DAMAGE!! (PAUSE)
You hit the troll. The troll bites you!
* * * LOW HITPOINT WARNING * * *
The troll claws you but does no damage. The troll claws you!
* * * LOW HITPOINT WARNING * * *
😨 HP[-18]
You take 18 damage, and now have 18/70 hp.
MASSIVE DAMAGE!! (PAUSE)
You hit the troll. The troll bites you.
* * * LOW HITPOINT WARNING * * *
The troll misses you. The troll barely misses you. 😱 HP[-4]
You take 4 damage, and now have 14/70 hp.
You hit the troll. The troll bites you.
* * * LOW HITPOINT WARNING * * *
The troll closely misses you.
The troll claws you but does no damage. 😱 HP[-3]
You take 3 damage, and now have 11/70 hp.
You hit the troll. The troll bites you!
You die...

Skill      XL: |  1  2  3  4  5  6  7  8  9 10 |
---------------+-------------------------------+-----
Conjurations   | 4 5 6 |  6.8
Spellcasting   | 2 3 4 5 |  5.6
Stealth        | 2 3 |  3.5
Dodging        | 2 3 |  3.2
Armour         | 1 2 3 4 6 |  6.4
Translocations | 1 2 3 4 |  4.7
Air Magic      | 1 2 3 4 |  4.1
Poison Magic   | 1 2 3 |  3.8
Short Blades   | 1 3 |  3.4
Fighting       | |  0.4

Action                   |  1- 3 |  4- 6 |  7- 9 | 10-12 || total
-------------------------+-------+-------+-------+-------++-------
Melee: Short sword       |       |       |    72 |    18 ||    90
 Cast: Magic Dart        |    53 |    32 |    73 |     4 ||   162
       Searing Ray       |    24 |    25 |    63 |     7 ||   119
  Use: Scroll            |     1 |     4 |     8 |     2 ||    15
Armor: Robe              |     1 |       |       |       ||     1
       Leather armour    |       |     6 |     1 |       ||     7
       Scale mail        |       |       |    54 |     6 ||    60
       Troll leather arm |       |       |       |     4 ||     4
Dodge: Dodged            |     6 |    17 |   136 |    24 ||   183

Levels and vault maps discovered:
D:1:      lemuel_arrival_muddy, layout_basic
D:2:      layout_rooms, serial_glass, glass_columns_a, glass_columns_a,
          shapermc_ecumenical_altar_petra, minmay_tromino_i4
D:3:      layout_loops_ring, nicolae_gozag_zags_fifth_avenue,
          cheibriados_altar_2, mainiacjoe_overflow_brackets
D:4:      layout_rooms, mainiacjoe_overflow_alcove_3,
          minmay_temple_entry_enclosed_plants, uniq_grinder
D:5:      layout_loops_ring, zin_purify, nicolae_ru_awakened_eye, serial_shops,
          nicolae_diamond_shop, serial_glass, glass_columns_a, glass_columns_b,
          glass_columns_c, glass_columns_c, glass_columns_c, glass_columns_b,
          uniq_ijyb
D:6:      nicolae_cairo_tiling_very_big, layout_basic, lemuel_round_altar,
          mainiacjoe_overflow_chevrons
D:7:      layout_rooms, nicolae_kikubaaqudgha_miasma_corner, serial_glass,
          glass_columns_a, glass_columns_c, glass_columns_c, glass_columns_b,
          glass_columns_b, glass_columns_b, glass_columns_a, glass_columns_b
D:8:      layout_cave_pools, lemuel_coloured_pillars_altar, ebering_ghost_gozag
D:9:      layout_irregular_city, nicolae_fountain_basement, uniq_psyche

Notes
Turn   | Place    | Note
-------+----------+-------------------------------------------
     0 | D:1      | mortz the Demigod Conjurer began the quest for the Orb.
     0 | D:1      | Reached XP level 1. HP: 14/14 MP: 5/5
     0 | D:1      | magus.rc [v1.9.6]
   260 | D:1      | Reached skill level 4 in Conjurations
   260 | D:1      | Reached XP level 2. HP: 20/20 MP: 1/7
   263 | D:1      | Learned a level 2 spell: Searing Ray
   940 | D:2      | Reached skill level 2 in Spellcasting
   992 | D:2      | Reached skill level 2 in Stealth
  1028 | D:2      | You add the spells Conjure Flame, Ignite Poison and Sticky
                  | Flame to your library.
  1218 | D:2      | Reached XP level 3. HP: 26/26 MP: 4/8
  1404 | D:2      | You pick up a book of Minor Magic and begin reading...
  1404 | D:2      | You add the spells Call Imp and Mephitic Cloud to your
                  | library.
  2064 | D:3      | Reached skill level 2 in Dodging
  2064 | D:3      | Reached XP level 4. HP: 33/33 MP: 1/10
  2327 | D:3      | Reached skill level 1 in Armour
  2345 | D:3      | Noticed an ogre
  2515 | D:3      | Reached XP level 5. HP: 38/38 MP: 2/12
  2628 | D:3      | Reached skill level 3 in Spellcasting
  2735 | D:3      | Reached skill level 5 in Conjurations
  2858 | D:3      | Killed an ogre
  2859 | D:3      | Reached skill level 2 in Armour
  2859 | D:3      | Reached XP level 6. HP: 44/45 MP: 7/14
  3086 | D:3      | Found Gozag's Platinum Reserve.
  3172 | D:3      | You add the spells Shock, Foxfire, Static Discharge,
                  | Spellforged Servitor and Chain Lightning to your library.
  3172 | D:3      | Got the Collected Works on the Damaging Volcanoes
  3178 | D:3      | Learned a level 4 spell: Iskenderun's Mystic Blast
  3182 | D:3      | Learned a level 3 spell: Mephitic Cloud
  3347 | D:4      | Noticed Grinder
  3355 | D:4      | Killed Grinder
  3510 | D:4      | Reached skill level 1 in Translocations
  3899 | D:4      | Found a staircase to the Ecumenical Temple.
  3954 | D:5      | Entered Level 5 of the Dungeon
  4076 | D:5      | Found Zin's Purification Station.
  4084 | D:5      | Bought a potion of curing for 90 gold pieces
  4119 | D:5      | Found Xaryngan's Antique Armour Boutique.
  4327 | D:5      | Reached skill level 1 in Air Magic
  4327 | D:5      | Reached skill level 1 in Poison Magic
  4327 | D:5      | Reached XP level 7. HP: 50/50 MP: 7/16
  4396 | D:5      | Reached skill level 4 in Spellcasting
  4595 | D:5      | magus.rc [v1.9.6]
  4598 | D:5      | Noticed Ijyb
  4610 | D:5      | Killed Ijyb
  4611 | D:5      | Reached skill level 3 in Armour
  4770 | D:5      | magus.rc [v1.9.6]
  4995 | D:6      | You pick up a book of Changes and begin reading...
  4995 | D:6      | You add the spells Beastly Appendage, Wereblood and Spider
                  | Form to your library.
  5013 | D:6      | Reached skill level 2 in Translocations
  5142 | D:6      | Reached skill level 3 in Stealth
  5526 | D:6      | Reached XP level 8. HP: 58/58 MP: 12/18
  5565 | D:6      | Reached skill level 2 in Air Magic
  5565 | D:6      | Reached skill level 2 in Poison Magic
  5843 | D:6      | Identified the +8 short sword of the Everdark {vorpal,
                  | rPois rF+ rC+}
  6231 | D:6      | Reached skill level 6 in Conjurations
  6521 | D:7      | Reached skill level 4 in Armour
  6521 | D:7      | Reached skill level 3 in Translocations
  7034 | D:6      | Reached skill level 1 in Short Blades
  7270 | D:7      | You add the spells Blink, Manifold Assault and Storm Form
                  | to your library.
  7416 | D:7      | Reached skill level 5 in Spellcasting
  7480 | D:7      | magus.rc [v1.9.6]
  7594 | D:7      | Reached XP level 9. HP: 63/63 MP: 14/20
  7666 | D:7      | Reached skill level 3 in Air Magic
  7757 | D:7      | Reached skill level 2 in Short Blades
  7981 | D:8      | Reached skill level 3 in Poison Magic
  8056 | D:8      | Found a runed translucent gate.
  8057 | D:8      | Found a runed translucent gate.
  8058 | D:8      | Found a runed translucent gate.
  8061 | D:8      | Noticed Neuros91's ghost (novice HuBe)
  8061 | D:8      | Noticed an unseen horror
  8083 | D:8      | Noticed a two-headed ogre
  8094 | D:8      | Killed a two-headed ogre
  8095 | D:8      | Reached skill level 5 in Armour
  8095 | D:8      | Reached skill level 4 in Translocations
  8394 | D:8      | HP: 15/63 [yak (10)]
  8779 | D:8      | Reached skill level 3 in Short Blades
  8779 | D:8      | Reached skill level 3 in Dodging
  9125 | D:9      | Noticed Psyche
  9408 | D:9      | Killed Psyche
  9409 | D:9      | Reached skill level 6 in Armour
  9409 | D:9      | Reached XP level 10. HP: 70/70 MP: 17/22
  9575 | D:9      | Reached skill level 4 in Air Magic
  9795 | D:9      | HP: 14/70 [troll (5)]
  9797 | D:9      | Slain by a troll

Vanquished Creatures
  A two-headed ogre (D:8)
  Psyche (D:9)
  A troll (D:9)
  Grinder (D:4)
  A hornet (D:7)
  A wyvern (D:8)
  4 yaks (D:8)
  A steam dragon (D:7)
  2 water moccasins
  2 orc warriors
  2 ice beasts
  A black bear (D:6)
  3 centaurs
  An ogre (D:3)
  A phantom (D:6)
  A kobold brigand (D:6)
  A wyvern zombie (D:6)
  3 scorpions
  A bullfrog (D:8)
  9 killer bees
  10 wights
  A howler monkey (D:8)
  3 hounds
  A centaur skeleton (D:7)
  A bullfrog skeleton (D:7)
  7 orc priests
  Ijyb (D:5)
  4 orc wizards
  2 killer bee zombies
  2 hound skeletons
  A howler monkey skeleton (D:7)
  A howler monkey zombie (D:8)
  4 gnolls (D:7)
  8 adders
  A shadow imp (D:6)
  A white imp (D:8)
  An ufetubus (D:6)
  An adder skeleton (D:4)
  2 worms
  6 dart slugs
  13 orcs
  5 ball pythons
  10 bats
  7 endoplasms
  2 giant cockroaches
  7 hobgoblins
  4 jackals (D:1)
  9 kobolds
  3 quokkas
  3 frilled lizards
  2 goblins
  5 rats
166 creatures vanquished.

Table legend:
 A = Non-vault XP
 B = Vault XP
 C = Vault XP percentage of total XP
 D = Non-vault monster count
 E = Vault monster count
 F = Vault count percentage of total count
                 A         B        C        D         E       F
            +---------+---------+-------+---------+---------+-------
      Total |    6686 |     961 |  12.6 |     156 |      10 |   6.0
            +---------+---------+-------+---------+---------+-------
        D:1 |      28 |       0 |   0.0 |      15 |       0 |   0.0
        D:2 |      63 |       6 |   8.7 |      20 |       4 |  16.7
        D:3 |     389 |       0 |   0.0 |      26 |       0 |   0.0
        D:4 |      39 |     281 |  87.8 |      10 |       1 |   9.1
        D:5 |     211 |      38 |  15.3 |       4 |       1 |  20.0
        D:6 |    1297 |       0 |   0.0 |      28 |       0 |   0.0
        D:7 |    1437 |       0 |   0.0 |      27 |       0 |   0.0
        D:8 |    2255 |     166 |   6.9 |      14 |       2 |  12.5
        D:9 |     967 |     470 |  32.7 |      12 |       2 |  14.3
            +---------+---------+-------+---------+---------+-------

Illustrated notes

Table legend:
 A = Kills in this place as a percentage of kills in entire the game.
 B = Kills by you in this place as a percentage of kills by you in the entire game.
 C = Kills by friends in this place as a percentage of kills by friends in the entire game.
 D = Other kills in this place as a percentage of other kills in the entire game.
 E = Experience gained in this place as a percentage of experience gained in the entire game.
 F = Experience gained in this place divided by the number of levels of this place that you have seen.
                   A       B       C       D       E      F
               +-------+-------+-------+-------+-------+----------------------
         Total | 100.0 | 100.0 |   N/A |   N/A | 100.0 | 849.7
       Dungeon | 100.0 | 100.0 |   N/A |   N/A | 100.0 | 849.7
               +-------+-------+-------+-------+-------+----------------------

Table legend: (Time is in decaauts)
 A = Elapsed time spent in this place.
 B = Non-inter-level travel time spent in this place.
 C = Inter-level travel time spent in this place.
 D = Time resting spent in this place.
 E = Time spent auto-exploring this place.
 F = Levels seen in this place.
 G = Mean time per level.
                   A        B        C        D        E       F      G
               +--------+--------+--------+--------+--------+-----+--------+
         Total |   9815 |   9530 |    285 |   1150 |   6902 |   9 | 1090.6 |
       Dungeon |   9815 |   9530 |    285 |   1150 |   6902 |   9 | 1090.6 |
               +--------+--------+--------+--------+--------+-----+--------+

Top non-repeatable levels by time:
     D:6: 1999 daAuts
     D:8: 1706 daAuts
     D:3: 1468 daAuts
     D:7: 1024 daAuts
     D:1: 951 daAuts
     D:2: 915 daAuts
     D:5: 863 daAuts
     D:4: 619 daAuts
     D:9: 266 daAuts
